 Dungeon Crawl Stone Soup version 0.14-a0-1719-ga7e7698 (webtiles) character file.

1460 HollowCharge the Skirmisher (level 8, -3/47 (51) HPs)
             Began as a Tengu Fighter on Jan 2, 2014.
             Slain by a hill giant zombie (18 damage)
             ... on Level 6 of the Dungeon.
             The game lasted 00:36:31 (6757 turns).

HollowCharge the Skirmisher (Tengu Fighter)         Turns: 6757, Time: 00:36:32

HP  -3/47 (51)   AC 11     Str 15      XL: 8   Next: 69%
MP   9/9         EV  6     Int  9      God:
Gold 61          SH 20     Dex 15      Spells:  0 memorised,  7 levels left

rFire  . . .     SeeInvis .     e - +1,+0 long sword
rCold  . . .     Clarity  .     b - +1 scale mail
rNeg   . . .     Conserve .     c - +0 shield
rPois  .         rCorr    .     (helmet restricted)
rElec  .         rRot     .     (no cloak)
SustAb + .       Spirit   .     u - +2 pair of elf gloves
rMut   .         Warding  .     (boots unavailable)
Saprov . . .     Stasis   .     (no amulet)
                                p - cursed -2,-3 ring of slaying
                                i - cursed ring of sustain abilities

@: mildly poisoned, slightly resistant to hostile enchantments, extremely
unstealthy
A: able to fly, beak, talons 3, low mp 1, mutation resistance 1, slow healing 1,
weak 1
a: Fly


You were on level 6 of the Dungeon.
You were hungry.

You visited 1 branch of the dungeon, and saw 6 of its levels.

You collected 151 gold pieces.
You spent 90 gold pieces at shops.

Inventory:

Hand weapons
 e - a +1,+0 long sword (weapon)
 x - a +0,+0 long sword
Armour
 b - a +1 scale mail (worn)
 c - a +0 shield (worn)
 u - a +2 pair of elven gloves (worn)
Comestibles
 d - 5 bread rations
 f - a lychee
 m - a snozzcumber
 s - 2 meat rations
 v - 3 rotting chunks of ogre flesh
 w - a pear
 z - a choko
Scrolls
 h - a scroll of fog
 j - 2 scrolls of recharging
 n - a scroll of teleportation
 r - a scroll of blinking
Jewellery
 a - an uncursed ring of positive energy {unknown}
 i - a cursed ring of sustain abilities (left hand)
 p - a cursed -2,-3 ring of slaying (right hand)
Potions
 g - 2 potions of heal wounds
 k - a potion of curing
 l - a potion of brilliance
 o - a potion of berserk rage
 q - a potion of speed
 t - a potion of restore abilities


   Skills:
 - Level 6.0 Fighting
 - Level 6.0 Long Blades
 + Level 5.6 Armour
 + Level 4.3 Dodging
 + Level 5.2 Shields


You had 7 spell levels left.
You didn't know any spells.

Dungeon Overview and Level Annotations

Branches:
Dungeon (6/16)
 Temple: D:4-7

Altars:
Makhleb
Nemelex Xobeh
Xom

Shops:
D:4 *   D:5 }**


Innate Abilities, Weirdness & Mutations

You can fly.
You have a beak for a mouth.
You have claws for feet.
Your magical capacity is low (-10% MP).
You are somewhat resistant to further mutation.
You heal slowly when monsters are visible.
You are weak. (Str -2)


Message History

A hobgoblin comes into view.
The hobgoblin shouts!
A hill giant zombie comes into view.
You feel sick.
Found a scroll of identify.
You hit the hobgoblin. Your kick misses the hobgoblin.
The hobgoblin is moderately wounded.
The hobgoblin hits you but does no damage.
You hit the hobgoblin.
You kill the hobgoblin!
You feel sick.
You hit the hill giant zombie.
The hill giant zombie hits you but does no damage.
You hit the hill giant zombie.
The hill giant zombie barely misses you.
You hit the hill giant zombie. The hill giant zombie hits you!
You slash the hill giant zombie! The hill giant zombie hits you!
You hit the hill giant zombie. You claw the hill giant zombie.
You peck the hill giant zombie. The hill giant zombie hits you!
You die...

. #.....# #.##..<..#
#.##.....# #.##...).#
#.##.....# #.##.....# .
#.###....#
?....#######.#####.######
.......Z@................
.....#######.#####.######
. #.# #.# #.# #.#
##########.#####.######
#.......##.....>.......
#.......########.######
#................#
#.......##########


You could see a hill giant zombie.

Vanquished Creatures
  A necrophage (D:5)
  A sky beast (D:5)
  A phantom (D:5)
  3 ogres
  2 jellies (D:5)
  3 crimson imps (D:5)
  An orc priest (D:4)
  3 worker ants
  3 orc wizards
  3 scorpions
  An iguana (D:5)
  Ijyb (D:3)
  Jessica (D:3)
  An ogre skeleton (D:6)
  Terence (D:3)
  4 gnolls (D:2)
  10 adders
  3 inept feature mimics
  A giant mite (D:6)
  2 worms
  A giant eyeball (D:4)
  4 giant geckos
  An ooze (D:3)
  25 orcs
  2 ball pythons
  5 giant cockroaches
  21 goblins
  11 hobgoblins
  17 jackals
  2 quokkas
  8 bats
  3 giant newts (D:1)
  A jackal skeleton (D:4)
  6 kobolds
  An orc skeleton (D:6)
  10 rats
164 creatures vanquished.

Notes
Turn   | Place    | Note
--------------------------------------------------------------
     0 | D:1      | HollowCharge, the Tengu Fighter, began the quest for the Orb.
     0 | D:1      | Reached XP level 1. HP: 14/14 MP: 1/1
   381 | D:1      | Reached XP level 2. HP: 19/19 MP: 3/3
  1107 | D:2      | Reached XP level 3. HP: 23/23 MP: 4/4
  1512 | D:2      | Reached XP level 4. HP: 16/29 MP: 5/5
  1547 | D:2      | Gained mutation: You are weak. (Str -2) [potion of mutation]
  1547 | D:2      | Gained mutation: Your magical capacity is low (-10% MP). [potion of mutation]
  1547 | D:2      | Gained mutation: You heal slowly when monsters are visible. [potion of mutation]
  1630 | D:2      | Reached skill level 4 in Fighting
  2100 | D:2      | Found a burning altar of Makhleb.
  2110 | D:2      | Reached XP level 5. HP: 26/34 MP: 6/6
  2685 | D:3      | Noticed Terence
  2710 | D:3      | Killed Terence
  2972 | D:3      | Found a shimmering altar of Xom.
  3221 | D:3      | Reached skill level 5 in Long Blades
  3233 | D:3      | Reached XP level 6. HP: 35/40 MP: 7/7
  3269 | D:3      | Reached skill level 5 in Fighting
  3442 | D:3      | Noticed Ijyb
  3478 | D:3      | Killed Ijyb
  3501 | D:3      | Noticed Jessica
  3510 | D:3      | Killed Jessica
  4726 | D:4      | Reached skill level 6 in Fighting
  4726 | D:4      | Reached XP level 7. HP: 23/46 MP: 8/8
  4918 | D:4      | Paralysed by a giant eyeball for 2 turns
  5027 | D:4      | Paralysed by a potion of paralysis for 3 turns
  5051 | D:4      | Found Toryopto's General Store.
  5124 | D:4      | Reached skill level 1 in Dodging
  5596 | D:5      | Entered Level 5 of the Dungeon
  5691 | D:5      | Reached XP level 8. HP: 36/51 MP: 9/9
  5696 | D:5      | Found Caqoak's Assorted Antiques.
  5819 | D:5      | Bought a pair of elven gloves for 36 gold pieces
  5928 | D:5      | Found Sianuaha's Gadget Shop.
  5984 | D:5      | Reached skill level 5 in Armour
  6084 | D:5      | Found a sparkling altar of Nemelex Xobeh.
  6401 | D:5      | Found Ypiticwi's Assorted Antiques.
  6409 | D:5      | Bought a potion of mutation for 54 gold pieces
  6410 | D:5      | Gained mutation: You are somewhat resistant to further mutation. [potion of mutation]
  6427 | D:5      | Reached skill level 5 in Shields
  6757 | D:6      | Slain by a hill giant zombie

Action                   |  1- 3 |  4- 6 |  7- 9 || total
-------------------------+-------+-------+-------++-------
Melee: Falchion          |    80 |   266 |   128 ||   474
       Long sword        |       |       |    86 ||    86
 Abil: Fly               |       |     1 |       ||     1
  Use: Scroll            |     7 |     4 |     5 ||    16
       Potion            |       |    12 |     2 ||    14
 Stab: Invisible         |       |       |     3 ||     3
